 Dungeon Crawl Stone Soup version 0.27-a0-797-g27d10ad80f (webtiles) character file.

Game seed: 12435269189314432133

124 rageheart7 the Sneak (level 4, -13/35 HPs)
             Began as a Demonspawn Wanderer on Mar 28, 2021.
             Succumbed to an orc's poison
             ... on level 3 of the Dungeon.
             The game lasted 00:03:27 (2977 turns).

rageheart7 the Sneak (Demonspawn Wanderer)          Turns: 2977, Time: 00:03:28

Health: -13/35     AC:  5    Str: 13    XL:     4   Next: 81%
Magic:  4/4        EV: 12    Int: 13    God:
Gold:   123        SH:  0    Dex: 13    Spells: 3/3 levels left

rFire    . . .     SeeInvis .   d - +2 dagger (venom)
rCold    . . .     Faith    .   (no shield)
rNeg     . . .     Spirit   .   e - +0 robe
rPois    .         Reflect  .   (helmet restricted)
rElec    .         Harm     .   f - +1 cloak
rCorr    .         Rampage  .   a - +0 pair of gloves
Will     .....                  (no boots)
Stlth    +++.......             (no amulet)
HPRegen  0.11/turn              (no ring)
MPRegen  0.09/turn              (no ring)

@: lethally poisoned (-13 -> -43)
A: antennae 1, ignite blood 1, sturdy frame 1
a: no special abilities


You were on level 3 of the Dungeon.
You visited 1 branch of the dungeon, and saw 4 of its levels.

You collected 123 gold pieces.

Inventory:

Hand Weapons
 d - a +2 dagger of venom (weapon)
Armour
 a - a +0 pair of gloves (worn)
 e - a +0 robe (worn)
 f - a +1 cloak (worn)
Scrolls
 b - 2 scrolls of blinking
 c - a scroll of magic mapping {unknown}
 g - a scroll of enchant weapon {unknown}
 i - 2 scrolls of identify {unknown}
 m - a scroll of teleportation {unknown}
 n - a scroll of immolation {unknown}
Potions
 h - 2 potions of degeneration {unknown}
 j - 2 potions of flight {unknown}
 k - 4 potions of attraction {unknown}
 l - a potion of heal wounds {unknown}
 o - a potion of ambrosia {unknown}


   Skills:
 + Level 3.3 Fighting
 + Level 3.0 Short Blades
 - Level 2.6 Dodging
 - Level 4.5 Stealth


You had 3 spell levels left.
You didn't know any spells.
Your spell library contained the following spells:

 Spells                   Type           Power      Damage    Failure   Level
 Ice Form                 Ice/Tmut       0%         N/A       97%         4
 Metabolic Englaciation   Hex/Ice        0%         N/A       100%        5
 Freezing Cloud           Conj/Ice/Air   0%         6-21      100%        6
 Simulacrum               Ice/Necr       0%         N/A       100%        6
 Ozocubu's Refrigeration  Ice            0%         4d5       100%        7


Dungeon Overview and Level Annotations

Branches:
Dungeon (4/15)
 Temple: D:4-7

Altars:


Innate Abilities, Weirdness & Mutations

You have a pair of small antennae on your head.
Your demonic aura sometimes causes spilled blood to erupt in flames Your movements are slightly less encumbered by armour. (ER -2)


Message History

There is an escape hatch in the floor here.
There is a stone staircase leading down here.
You climb downwards. 4 orcs and an orc wizard come into view.
An orc is wielding a +1 vorpal falchion.
The orc wizard shouts!
The orc shouts!
You hear a shout! x2; The orc shouts!
You hear a shout! x2; The orc shouts!
You hear an angry hiss.
Found 4 gold pieces.
There is a stone staircase leading up here.
You hit the orc.
The orc is poisoned.
The orc is moderately wounded.
You hit the orc.
The orc looks as sick as possible!
The orc is severely wounded.
The orc hits you with a +0 trident.
An orc comes into view. It is wielding a +1 flail of venom.
You hit the orc.
You kill the orc!
You hit the orc.
The orc is heavily wounded.
The orc barely misses you.
You hit the orc.
The orc is poisoned.
The orc is heavily wounded.
An orc comes into view. It is wielding a +0 trident.
You closely miss the orc.
The orc is heavily wounded.
You hit the orc.
The orc is poisoned.
The orc is heavily wounded.
The orc hits you with a +1 flail of venom.
You are poisoned.
The orc hits you but does no damage.
The orc hits you from afar with a +0 trident.
You feel extremely sick. The orc barely misses you.
The orc hits you with a +1 flail of venom!
* * * LOW HITPOINT WARNING * * *
You are lethally poisoned!
The orc closely misses you.
You climb upwards.
Ouch! That really hurt!
You die...

....#.#..##...............#
#.###
##..#.#..##.#.#...##......#
#....
.........##.#.....##......#
#.###
......#...........##......#
#.#
#....##...........##......#
#.#
#....##.......#..###......#
#.#
#....''.......+...........#
#.#
#....##.......#..###.#'####
#.#
#....##.......#o@....#.#
#.#
###..######.###o######.#
#.# #..# #.###.######.# #.#
#..# #.....(......# #.#
###..######.###.########
#.### ............# #.#
#.... ###..########
#.####### ##### ......#
#......<# ####.## #########


You could see 2 orcs.

Vanquished Creatures
  An orc priest (D:3)
  A howler monkey skeleton (D:2)
  3 adders
  A worm (D:2)
  5 orcs
  4 bats
  3 endoplasms
  3 giant cockroaches
  4 goblins
  2 hobgoblins
  3 jackals (D:1)
  3 kobolds
  3 quokkas
  5 ball pythons
  3 frilled lizards
  6 rats
50 creatures vanquished.

Notes
Turn   | Place    | Note
-------+----------+-------------------------------------------
     0 | D:1      | rageheart7 the Demonspawn Wanderer began the quest for the
                  | Orb.
     0 | D:1      | rageheart7 set off with the following items: a +2 dagger, a
                  | scroll of blinking, a +0 spear, a potion of lignification,
                  | a +0 robe
     0 | D:1      | Reached XP level 1. HP: 15/15 MP: 1/1
   225 | D:1      | Gained mutation: Your demonic aura sometimes causes spilled
                  | blood to erupt in flames [demonic ancestry]
   225 | D:1      | Reached XP level 2. HP: 17/21 MP: 2/2
   898 | D:2      | Gained mutation: Your movements are slightly less
                  | encumbered by armour. (ER -2) [demonic ancestry]
   898 | D:2      | Reached XP level 3. HP: 27/27 MP: 3/3
  1561 | D:2      | Gained mutation: You have a pair of small antennae on your
                  | head. [demonic ancestry]
  1561 | D:2      | Reached XP level 4. HP: 34/34 MP: 4/4
  2977 | D:3      | Succumbed to an orc's poison

Illustrated notes

Levels and vault maps discovered:
D:1:      ebering_trefoil_twist, layout_basic
D:2:      layout_basic
D:3:      layout_basic
D:4:      layout_basic, old_standard_altar, minmay_temple_entry_trees

Skill      XL: |  1  2  3  4 |
---------------+-------------+-----
Fighting       | 2 3 |  3.3
Short Blades   | 2 3 |  3.0
Dodging        | |  2.6
Stealth        | |  4.5

Action                   |  1- 3 |  4- 6 || total
-------------------------+-------+-------++-------
Melee: Dagger            |   145 |    45 ||   190
  Use: Potion            |     1 |       ||     1
 Stab: Sleeping          |     4 |     7 ||    11
Armor: Robe              |    27 |     3 ||    30
       Skin              |    12 |     3 ||    15
Dodge: Dodged            |    75 |    13 ||    88

Table legend: (Time is in decaauts)
 A = Elapsed time spent in this place.
 B = Non-inter-level travel time spent in this place.
 C = Inter-level travel time spent in this place.
 D = Time resting spent in this place.
 E = Time spent auto-exploring this place.
 F = Levels seen in this place.
 G = Mean time per level.
                   A        B        C        D        E       F      G
               +--------+--------+--------+--------+--------+-----+--------+
         Total |   2956 |   2774 |    182 |    210 |   2181 |   4 |  739.0 |
       Dungeon |   2956 |   2774 |    182 |    210 |   2181 |   4 |  739.0 |
               +--------+--------+--------+--------+--------+-----+--------+

Top non-repeatable levels by time:
     D:2: 1237 daAuts
     D:1: 857 daAuts
     D:3: 854 daAuts
     D:4: 7 daAuts
